 Dungeon Crawl Stone Soup version 0.29-a0-581-ge9a90b7 (webtiles) character file.

Game seed: 2730336384605103550

46 Illumine the Shield-Bearer (level 4, -1/40 HPs)
             Began as a Meteoran Fighter on June 13, 2022.
             Slain by a killer bee (7 damage)
             ... on level 8 of the Dungeon.
             The game lasted 00:02:17 (675 turns).

Illumine the Shield-Bearer (Meteoran Fighter)        Turns: 675, Time: 00:02:17

Health: -1/40      AC:  6    Str: 20    XL:     4   Next: 15%
Magic:  5/5        EV: 10    Int:  9    God:
Gold:   81         SH:  5    Dex: 13    Spells: 3/3 levels left

rFire   . . .      SeeInvis .   a - +0 war axe
rCold   . . .      Faith    .   c - +0 buckler
rNeg    . . .      Spirit   .   h - +1 ring mail {Will+}
rPois   +          Reflect  .   (no helmet)
rElec   .          Harm     .   (no cloak)
rCorr   .          Rampage  .   (no gloves)
Will    +....                   (no boots)
Stlth   +.........              p - amulet of regeneration
HPRegen 0.93/turn               l - ring of poison resistance
MPRegen 0.09/turn               (no ring)

@: mighty, lethally poisoned (-1 -> -4), glowing
A: sense surroundings 1, otherworldly, glowing, explore regen
a: no special abilities


You were on level 8 of the Dungeon.
You visited 1 branch of the dungeon, and saw 6 of its levels.

You collected 81 gold pieces.

Inventory:

Hand Weapons
 a - a +0 war axe (weapon)
Missiles
 e - 66 stones (quivered)
 i - 5 poisoned darts
 k - 6 boomerangs
Armour
 b - a +0 scale mail
 c - a +0 buckler (worn)
 h - a +1 ring mail of willpower (worn)
Jewellery
 l - a ring of poison resistance (left hand)
 p - an amulet of regeneration (around neck)
Scrolls
 f - a scroll of identify {unknown}
 g - a scroll of vulnerability
 j - a scroll of fog {unknown}
Potions
 d - a potion of might
 m - a potion of flight {unknown}
 n - a potion of degeneration {unknown}
 o - a potion of heal wounds {unknown}
 q - a potion of curing {unknown}


   Skills:
 + Level 3.7 Fighting
 * Level 3.7 Axes
 + Level 3.6 Armour
 - Level 4.1 Shields


You had 3 spell levels left.
You didn't know any spells.
Your spell library contained the following spells:

 Spells                   Type           Power      Damage    Failure   Level
 Freeze                   Ice            0%         1d3       65%         1
 Frozen Ramparts          Ice            0%         1d2       95%         3
 Hailstorm                Conj/Ice       0%         3d3       100%        4


Dungeon Overview and Level Annotations

Branches:
Dungeon (5/15)
 Temple: D:4-7

Altars:


Innate Abilities, Weirdness & Mutations

You passively map a small area around you.
You are easily found by Zot.
You glow in the dark.
You regain HP and MP as you explore.


Message History

You feel your willpower return.
You open the door. 4 killer bees come into view.
The killer bee buzzes angrily. x3
You feel very mighty all of a sudden. The killer bee completely misses you.
The killer bee stings you.
Unknown command.
You miss the killer bee. x2
The killer bee stings you but does no damage.
The killer bee stings you!
You are poisoned.
The killer bee poisons you! You block the killer bee's attack.
The killer bee stings you.
Unknown command.
You slash the killer bee!
The killer bee is heavily wounded.
You slash the killer bee!
You feel very sick. You block the killer bee's attack.
The killer bee stings you but does no damage.
The killer bee stings you.
You are more poisoned.
The killer bee poisons you!
You miss the killer bee.
The killer bee is severely wounded.
You miss the killer bee.
You feel very sick. The killer bee stings you.
You block the killer bee's attack. The killer bee barely misses you.
The killer bee stings you.
The killer bee stings you but does no damage. x2
You block the killer bee's attack.
You closely miss the killer bee. You miss the killer bee.
You barely miss the killer bee.
You feel very sick. The killer bee stings you.
* * * LOW HITPOINT WARNING * * *
The killer bee stings you.
* * * LOW HITPOINT WARNING * * *
The killer bee barely misses you. The killer bee stings you!
You die...

#####+###+######....###
, , ,,, #....# , * ,
#....# , * , +....# , ,
,,,#....#,, ** , #
#....# ,* * * #. #....#
+ * ,#..#y...#, , ,
#.yy@...# +..#y...# *
#.,#....+ *#* #....# *
*,...### ,...# ...# ,,
....# ,


You could see 4 killer bees.

Vanquished Creatures
  A worm (D:3)
  2 endoplasms (D:4)
  12 giant cockroaches (D:3)
  6 hobgoblins
  2 quokkas
  7 ball pythons
  2 bats
  2 kobolds
  3 rats
37 creatures vanquished.

Notes
Turn   | Place    | Note
-------+----------+-------------------------------------------
     0 | D:1      | Illumine the Meteoran Fighter began the quest for the Orb.
     0 | D:1      | Reached XP level 1. HP: 19/19 MP: 2/2
    80 | D:1      | Reached XP level 2. HP: 26/26 MP: 3/3
   354 | D:3      | Reached XP level 3. HP: 31/31 MP: 4/4
   416 | D:3      | Reached skill level 4 in Shields
   462 | D:3      | Reached XP level 4. HP: 34/40 MP: 5/5
   596 | D:5      | Entered Level 5 of the Dungeon
   596 | D:5      | Noticed a phantom
   596 | D:5      | You fall into a shaft and drop 3 floors!
   675 | D:8      | Slain by a killer bee

Illustrated notes

Levels and vault maps discovered:
D:1:      dpeg_arrival_round_a, layout_rooms, chequers_decorated_corner,
          minmay_tromino_v4_a
D:2:      layout_basic, basic_ecumenical_altar, kennysheep_generic_room_4
D:3:      minmay_roachtagon, layout_basic, grunt_ministairs_5, kennysheep_donut,
          dk_vineyard_2, due_unseen_surprise
D:4:      minmay_angry_zag, layout_cave_pools, temple_hall, uniq_eustachio,
          uniq_duvessa
D:5:      layout_layer_cave
D:8:      layout_gridville, minmay_the_grid_2x2 [minmay_the_grid_doors,
          minmay_the_grid_x, minmay_the_grid_aliased_spiral,
          minmay_the_grid_prize_big_room]

Skill      XL: |  1  2  3 |
---------------+----------+-----
Axes           | 3 |  3.7
Shields        | 4 |  4.1
Fighting       | |  3.7
Armour         | |  3.6

Action                   |  1- 3 |  4- 6 || total
-------------------------+-------+-------++-------
Melee: War axe           |    74 |    13 ||    87
  Use: Scroll            |       |     1 ||     1
       Potion            |       |     1 ||     1
Armor: Scale mail        |    11 |       ||    11
       Ring mail         |    26 |     7 ||    33
Dodge: Dodged            |    50 |     5 ||    55
Block: Buckler           |    26 |     5 ||    31

Table legend: (Time is in decaauts)
 A = Elapsed time spent in this place.
 B = Non-inter-level travel time spent in this place.
 C = Inter-level travel time spent in this place.
 D = Time resting spent in this place.
 E = Time spent auto-exploring this place.
 F = Levels seen in this place.
 G = Mean time per level.
                   A        B        C        D        E       F      G
               +--------+--------+--------+--------+--------+-----+--------+
         Total |    706 |    679 |     27 |     47 |    251 |   6 |  117.7 |
       Dungeon |    706 |    679 |     27 |     47 |    251 |   6 |  117.7 |
               +--------+--------+--------+--------+--------+-----+--------+

Top non-repeatable levels by time:
     D:2: 239 daAuts
     D:3: 140 daAuts
     D:1: 127 daAuts
     D:4: 119 daAuts
     D:8: 79 daAuts
